 Dungeon Sprint DCSS version 0.30.0-16-gbe6223bb7e (webtiles) character file.

Game seed: 15794737271895602251

38000000 GloriousHammer the Djinni Ballista (level 27, 215/228 HPs)
             Began as a Djinni Warper on May 20, 2023.
             Was the Champion of Makhleb.
             Escaped with the Orb!
             The game lasted 00:04:54 (190 turns).

GloriousHammer the Djinni Ballista (Djinni Warper)   Turns: 190, Time: 00:04:54

Health: 215/228    AC:  6    Str: 10    XL:     27
Gold:   0          EV: 36    Int: 17    God:    Makhleb [******] SH:  0 Dex: 25

rFire   + + .        i - +∞ Axe of Woe
rCold   x . .        (shield currently unavailable)
rNeg    . . .        b - +0 leather armour
rPois   ∞            (no helmet)
rElec   .            (no cloak)
rCorr   .            (no gloves)
SInv    +            (boots unavailable)
Will    ++...        (no amulet)
Stlth   ++++         v - ring of see invisible
HPRegen 0.58/turn    (no ring)
MPRegen 0.00/turn

%: no teleportation
@: flying, slowed, very slow
A: sickness immunity, fire resistance 2, cold vulnerability 1, float, innate
caster, HP casting, extra vitality 1
0: Orb of Zot
a: Renounce Religion, Minor Destruction, Lesser Servant of Makhleb, Major
Destruction, Greater Servant of Makhleb


You escaped.
You worshipped Makhleb.
Makhleb was exalted by your worship.
You visited 1 branch

Inventory:

Hand Weapons
 a - a +0 hand axe
 i - the +∞ Axe of Woe (weapon)
   (You found it in the Dungeon)
Missiles
 d - 7 boomerangs of dispersal (quivered)
Armour
 b - a +0 leather armour (worn)
Jewellery
 v - a ring of see invisible (left hand)
 y - a +30 ring of slaying
 Y - a +200 ring of slaying
Scrolls
 c - 2 scrolls of blinking
Potions
 e - a potion of curing
 f - a potion of heal wounds
 g - a potion of haste
 h - a potion of berserk rage


   Skills:
 O Level 27 Fighting
 O Level 27 Short Blades
 O Level 27 Long Blades
 O Level 27 Axes
 O Level 27 Maces & Flails
 O Level 27 Polearms
 O Level 27 Staves
 O Level 27 Ranged Weapons
 O Level 27 Throwing
 O Level 27 Armour
 O Level 27 Dodging
 O Level 27 Stealth
 O Level 27 Shields
 O Level 27 Unarmed Combat
 O Level 27 Spellcasting
 O Level 27 Invocations
 O Level 27 Evocations


You knew the following spells:

 Your Spells              Type           Power      Damage    Failure   Level
a - Manifold Assault      Tloc           86%        N/A       0%          4
b - Lesser Beckoning      Tloc           100%       N/A       0%          2
c - Vhi's Electric Charg  Tloc/Air       100%       N/A       0%          3
d - Teleport Other        Tloc           86%        N/A       0%          3
e - Blink                 Tloc           100%       N/A       0%          2
f - Sandblast             Erth           100%       2d20      0%          1
g - Wereblood             Tmut           86%        N/A       0%          2
h - Confusing Touch       Hex            86%        N/A       0%          3
i - Swiftness             Air            86%        N/A       0%          3
j - Ice Form              Ice/Tmut       86%        N/A       0%          4
k - Freezing Cloud        Conj/Ice/Air   43%        6-21      0%          5
l - Dispersal             Tloc           43%        N/A       0%          6
m - Eringya's Noxious Bo  Tmut/Pois      43%        N/A       0%          6
n - Conjure Ball Lightni  Conj/Air       43%        3x3d15    0%          6
o - Necromutation         Tmut/Necr      43%        N/A       1%          8
p - Haunt                 Necr/Summ      43%        N/A       1%          7
q - Polar Vortex          Ice            43%        N/A       2%          9
r - Chain Lightning       Conj/Air       43%        3d57      2%          9
Your spell library was empty.

Dungeon Overview and Level Annotations

Branches:
Dungeon (1/1)

Altars:
Makhleb


Innate Abilities, Weirdness & Mutations

You are immune to sickness and miasma.
You are immune to poison.
Your flesh is very heat resistant. (rF++)
You are vulnerable to cold. (rC-)
You float through the air rather than walking.
You learn spells naturally, not from books.
Your magical power is your life essence.
You have superior vitality. (+4 MHP)


Message History

You feel better.
You slice the wretched soul!!
You butcher the wretched soul messily.
You destroy the wretched soul!
Makhleb accepts your kill.
You feel better.
You slash the fleshlord! You chop the fleshlord into pieces.
You kill the fleshlord!
Makhleb accepts your kill.
You hear a shout! x2
The meat berserker hits you with a +9 battleaxe!!!
You hear a shout! x4
The meat beast bites you but does no damage.
The meat beast tramples you!
You hold your ground!
A bag of meat comes into view. It is wielding a +9 war axe.
An accursed comes into view.
A meat berserker comes into view. It is wielding a +9 battleaxe.
The bag of meat shouts!
You slash the meat berserker!
You pulverise the meat berserker into a thin bloody mist.
You kill the meat berserker!
Makhleb accepts your kill.
You feel better.
You slash the meat beast!
You fatally mangle the meat beast.
You kill the meat beast!
Makhleb accepts your kill.
You feel better.
You hear a shout! x4
The scourge throws poison sting at you. The poison arrow hits you!!
You partially resist.
A bag of meat comes into view. It is wielding a +9 war axe.
You hear a shout!
An observer comes into view.
The accursed gestures at you while chanting.
Something smites you!
Casting: Manifold Assault (safe; 0% risk of failure)
Confirm with . or Enter, or press ? or * to list all spells.
Space momentarily warps into an impossible shape!
You hit the accursed but do no damage. You chop the accursed into pieces.
You destroy the accursed!
Makhleb accepts your kill.
You feel better.
You hit the bag of meat but do no damage.
You slaughter the bag of meat joyfully.
You kill the bag of meat!
Makhleb accepts your kill.
You feel better.
You slash the bag of meat!
You cleave the bag of meat in twain.
You kill the bag of meat!
Makhleb accepts your kill.
You slice the fleshlord!!
You dissect the fleshlord like a pig carcass.
You kill the fleshlord!
Makhleb accepts your kill.
You feel extremely nervous for a moment...
You feel horribly lethargic.
You feel as though you will be slow longer.
You hear a shout! x2
The scourge breathes poison at you. The blast of poison misses you.
The observer pulsates ominously.
The observer gazes at you. Something smites you!
You hear a shout!
An eight-headed meat hydra comes into view.
The eight-headed meat hydra roars!
A meat beast comes into view.
Casting: Manifold Assault (safe; 0% risk of failure)
Confirm with . or Enter, or press ? or * to list all spells.
Space momentarily warps into an impossible shape!
You slash the sculptor of flesh!
You butcher the sculptor of flesh messily.
You destroy the sculptor of flesh!
Makhleb accepts your kill.
You feel better.
You slice the meat beast!!
You butcher the meat beast messily.
You kill the meat beast!
Makhleb accepts your kill.
You slice the observer!!
You slaughter the observer joyfully.
You kill the observer!
Makhleb accepts your kill.
You hear a shout! x5
The scourge throws poison at you. The bolt of poison misses you.
You hear a shout!
A bag of meat comes into view. It is wielding a +9 war axe.
You hear a skittering sound.
A meat beast comes into view.
The meat beast roars deafeningly!
You hear a shout! x3
Casting: Manifold Assault (safe; 0% risk of failure)
Confirm with . or Enter, or press ? or * to list all spells.
Space momentarily warps into an impossible shape!
You hit the bag of meat but do no damage.
You pulverise the bag of meat into a thin bloody mist.
You kill the bag of meat!
Makhleb accepts your kill.
You feel better.
You hit the scourge but do no damage.
You hew the scourge savagely.
You kill the scourge!
Makhleb accepts your kill.
You slash the bag of meat!
You pulverise the bag of meat into a thin bloody mist.
You kill the bag of meat!
Makhleb accepts your kill.
You hit the meat berserker.
You butcher the meat berserker messily.
You kill the meat berserker!
Makhleb accepts your kill.
The dread appears out of thin air!
A dread comes into view.
You hear a shout! x4
A destroyer comes into view. It is wielding a +9 heavy great sword.
You hear a shout! x4
Casting: Manifold Assault (safe; 0% risk of failure)
Confirm with . or Enter, or press ? or * to list all spells.
Space momentarily warps into an impossible shape!
You slice the wretched soul!!
You slaughter the wretched soul joyfully.
You destroy the wretched soul!
Makhleb accepts your kill.
You feel better.
You slice the bag of meat!! You chop the bag of meat into pieces.
You kill the bag of meat!
Makhleb accepts your kill.
You carve the meat beast like a ham!!!
You cleave the meat beast in twain.
You kill the meat beast!
Makhleb accepts your kill.
You hear a shout! x2
An observer comes into view.
The dread throws damnation at you.
The sphere of damnation explodes!
The damnation engulfs you!!
You hear an angry hiss.
Casting: Manifold Assault (safe; 0% risk of failure)
Confirm with . or Enter, or press ? or * to list all spells.
Space momentarily warps into an impossible shape!
You hit the dread.
You slaughter the dread joyfully.
You destroy the dread!
Makhleb accepts your kill.
You feel better.
You slice the destroyer!!
You pulverise the destroyer into a thin bloody mist.
You destroy the destroyer!
Makhleb accepts your kill.
You slash the observer!
You hew the observer savagely.
You kill the observer!
Makhleb accepts your kill.
You feel better.
You hear a shout! x6; You hear a deafening roar!
You hear a shout! x2
You hear a roar!
You hear an angry hiss.
You hear a shout!
A meat berserker and a dread come into view.
You hear a shout!
A scourge comes into view.
A bag of meat comes into view. It is wielding a +9 war axe.
The eight-headed meat hydra calls on the powers of darkness!
The eight-headed meat hydra convulses!
The bag of meat convulses!
Your body is wracked with pain!
The dread moves out of view.
You hear an angry hiss.
You hear a faint skittering sound.
You hear an angry hiss.
You hear a shout!
Things that are here:
a +9 battleaxe; a +30 ring of slaying; a meat berserker corpse
Casting: Manifold Assault (safe; 0% risk of failure)
Confirm with . or Enter, or press ? or * to list all spells.
Space momentarily warps into an impossible shape!
You slash the bag of meat!
You slaughter the bag of meat joyfully.
You kill the bag of meat!
Makhleb accepts your kill.
You feel better.
You hit the eight-headed meat hydra.
You fatally mangle the eight-headed meat hydra.
You kill the eight-headed meat hydra!
Makhleb accepts your kill.
You feel better.
You cut the scourge into ribbons!!!
You pulverise the scourge into a thin bloody mist.
You kill the scourge!
Makhleb accepts your kill.
You feel better.
You hit the meat berserker.
You fatally mangle the meat berserker.
You kill the meat berserker!
Makhleb accepts your kill.
You feel better.
You hear a shout!
A meat beast comes into view.
A bag of meat comes into view. It is wielding a +9 war axe.
You hear a shout! x2
A bag of meat comes into view. It is wielding a +9 war axe.
The meat beast moves out of view.
The bag of meat moves out of view.
You hear a shout! x2
A fleshlord comes into view. It is wielding a +9 great mace.
A wretched soul and a fleshlord come into view.
The fleshlord shouts! x2; You hear a shout!
You hear two shouts!
You hear a shout! x4
A bag of meat comes into view. It is wielding a +9 war axe.
A meat beast comes into view.
You hear a howl!
You hear a bark!
A meat berserker comes into view. It is wielding a +9 battleaxe.
There is a staircase leading out of the dungeon here.
You hear a shout!
The wretched soul breathes negative energy at you.
The bolt of negative energy misses you.
The bolt of negative energy hits the meat beast.
The meat beast completely resists.
The fleshlord points at you and mumbles some strange words.
You barely resist.
The fleshlord mumbles some strange words.
The fleshlord seems to speed up.
You hear a shout!
You hear a howl!
You have escaped!

....).....))))))))†...
.........).).)..).)..
.))...)#.)))...#). .
)#)).).#....).)# ...
☼).).###.2...).###W...
○)†.)...)W###.)..pW...
)#)..))).)_..o.))....
...)))#))).)#)))....
......#_.@)_#.......
.)....#..W))#......#
#........_2)).......
........###.).......
.###.. .).###.... #..
.p)# .... #.. .†O# .o
...oS


You could see 2 meat beasts, a scourge (wandering), 2 fleshlords, a dread, a
meat berserker (berserk), 3 wretched souls and 3 bags of meat.

Vanquished Creatures
  Dispater (D)
  20 hell knights (D)
  16 hell beasts (D)
  Edmund (D)
  16 royal mummies (D)
  22 great orbs of eyes (D)
  12 wraiths (D)
  Harold (D)
  24 vampire knights (D)
  48 ogres (D)
  5 two-headed ogres (D)
  15 liches (D)
  16 hydras (D)
  13 phantoms (D)
  100 orcs (D)
  8 skeletal warriors (D)
  12 sea snakes (D)
330 creatures vanquished.

Notes
Turn   | Place    | Note
-------+----------+-------------------------------------------
     0 | D        | Found the +∞ Axe of Woe
     0 | D        | GloriousHammer the Djinni Warper began the quest for the
                  | Orb.
     0 | D        | GloriousHammer set off with the following spells memorised:
                  | Blink, Lesser Beckoning, Vhi's Electric Charge, Teleport
                  | Other, Manifold Assault.
     0 | D        | Reached XP level 1. HP: 18/18 MP: 0/0
     2 | D        | Noticed a bag of meat
     2 | D        | Noticed a bag of meat
     3 | D        | Became a worshipper of Makhleb the Destroyer
     3 | D        | Noticed a meat berserker
     3 | D        | Noticed a bag of meat
     3 | D        | Noticed a bag of meat
     4 | D        | Noticed a bag of meat
     5 | D        | Killed a meat berserker
     6 | D        | Reached skill level 10 in Axes
     6 | D        | Reached skill level 10 in Throwing
     6 | D        | Reached skill level 10 in Spellcasting
     6 | D        | Reached XP level 2. HP: 39/39 MP: 0/0
     6 | D        | Reached XP level 3. HP: 44/44 MP: 0/0
     6 | D        | Learned a level 1 spell: Sandblast
     6 | D        | Reached XP level 4. HP: 50/50 MP: 0/0
     6 | D        | Reached XP level 5. HP: 56/56 MP: 0/0
     6 | D        | Learned a level 2 spell: Wereblood
     6 | D        | Reached XP level 6. HP: 62/62 MP: 0/0
     6 | D        | Reached XP level 7. HP: 67/67 MP: 0/0
     6 | D        | Learned a level 3 spell: Confusing Touch
     6 | D        | Reached XP level 8. HP: 74/74 MP: 0/0
     6 | D        | Reached XP level 9. HP: 79/79 MP: 0/0
     6 | D        | Learned a level 3 spell: Swiftness
     6 | D        | Reached XP level 10. HP: 85/85 MP: 0/0
     6 | D        | Reached XP level 11. HP: 90/90 MP: 0/0
     6 | D        | Learned a level 4 spell: Ice Form
     6 | D        | Reached XP level 12. HP: 96/96 MP: 0/0
     6 | D        | Killed a bag of meat
     6 | D        | Reached * piety under Makhleb
     6 | D        | Noticed a bag of meat
     7 | D        | Reached skill level 15 in Dodging
     7 | D        | Reached XP level 13. HP: 104/104 MP: 0/0
     7 | D        | Learned a level 5 spell: Freezing Cloud
     7 | D        | Killed a bag of meat
     7 | D        | Killed a bag of meat
     7 | D        | Killed a bag of meat
     7 | D        | Reached ** piety under Makhleb
     7 | D        | Noticed a meat berserker
     8 | D        | Reached skill level 15 in Armour
     8 | D        | Reached XP level 14. HP: 116/116 MP: 0/0
     8 | D        | Killed a bag of meat
     8 | D        | Noticed a bag of meat
     8 | D        | Noticed a bag of meat
     9 | D        | Killed a meat berserker
    10 | D        | Reached skill level 15 in Axes
    10 | D        | Reached skill level 15 in Throwing
    10 | D        | Reached XP level 15. HP: 125/125 MP: 0/0
    10 | D        | Learned a level 6 spell: Dispersal
    10 | D        | Reached *** piety under Makhleb
    10 | D        | Noticed a meat berserker
    12 | D        | Noticed a meat berserker
    15 | D        | Noticed a meat berserker
    16 | D        | Noticed a meat berserker
    17 | D        | Noticed a meat berserker
    18 | D        | Noticed a meat berserker
    18 | D        | Killed a meat berserker
    18 | D        | Reached **** piety under Makhleb
    19 | D        | Reached XP level 16. HP: 132/132 MP: 0/0
    19 | D        | Killed a meat berserker
    19 | D        | Noticed a large bag of meat
    20 | D        | Reached XP level 17. HP: 138/138 MP: 0/0
    20 | D        | Learned a level 6 spell: Eringya's Noxious Bog
    20 | D        | Noticed a destroyer
    20 | D        | Reached ***** piety under Makhleb
    20 | D        | Killed a meat berserker
    20 | D        | Killed a destroyer
    20 | D        | Noticed a destroyer
    20 | D        | Noticed a meat berserker
    21 | D        | Reached XP level 18. HP: 9/145 MP: 0/0
    21 | D        | Killed a meat berserker
    21 | D        | Killed a meat berserker
    21 | D        | Noticed a meat berserker
    22 | D        | Reached XP level 19. HP: 89/150 MP: 0/0
    22 | D        | Learned a level 6 spell: Conjure Ball Lightning
    23 | D        | Killed a meat berserker
    23 | D        | Reached ****** piety under Makhleb
    23 | D        | Noticed a meat berserker
    24 | D        | Reached skill level 27 in Axes
    24 | D        | Reached skill level 27 in Throwing
    24 | D        | Noticed a destroyer
    25 | D        | Reached skill level 27 in Spellcasting
    25 | D        | Reached XP level 20. HP: 162/162 MP: 0/0
    26 | D        | Killed a destroyer
    27 | D        | Reached skill level 27 in Dodging
    27 | D        | Reached XP level 21. HP: 185/185 MP: 0/0
    27 | D        | Learned a level 8 spell: Necromutation
    27 | D        | Killed a meat berserker
    27 | D        | Noticed an eight-headed meat hydra
    27 | D        | Noticed a destroyer
    28 | D        | Reached skill level 27 in Fighting
    28 | D        | Reached skill level 27 in Invocations
    28 | D        | Killed a meat berserker
    29 | D        | Reached skill level 27 in Armour
    29 | D        | Reached XP level 22. HP: 194/194 MP: 0/0
    29 | D        | Killed a meat berserker
    29 | D        | Noticed a destroyer
    30 | D        | Killed a nine-headed meat hydra
    30 | D        | Killed a large bag of meat
    30 | D        | Noticed a meat berserker
    31 | D        | Killed a destroyer
    32 | D        | Reached skill level 10 in Short Blades
    32 | D        | Reached skill level 10 in Long Blades
    32 | D        | Reached skill level 10 in Staves
    32 | D        | Reached skill level 10 in Stealth
    32 | D        | Reached XP level 23. HP: 197/201 MP: 0/0
    32 | D        | Learned a level 7 spell: Haunt
    32 | D        | Killed a destroyer
    32 | D        | Noticed a large bag of meat
    33 | D        | Reached skill level 10 in Maces & Flails
    33 | D        | Reached skill level 10 in Polearms
    33 | D        | Reached skill level 10 in Ranged Weapons
    33 | D        | Killed a destroyer
    35 | D        | Reached XP level 24. HP: 204/208 MP: 0/0
    35 | D        | Noticed a destroyer
    36 | D        | Reached skill level 15 in Shields
    36 | D        | Reached skill level 15 in Unarmed Combat
    36 | D        | Reached skill level 15 in Evocations
    37 | D        | Killed a large bag of meat
    37 | D        | Noticed The Servant
    38 | D        | Reached skill level 15 in Short Blades
    38 | D        | Reached skill level 15 in Long Blades
    38 | D        | Reached skill level 15 in Staves
    38 | D        | Reached skill level 15 in Stealth
    38 | D        | Killed a destroyer
    39 | D        | Reached skill level 15 in Maces & Flails
    39 | D        | Reached skill level 15 in Polearms
    39 | D        | Reached skill level 15 in Ranged Weapons
    39 | D        | Reached XP level 25. HP: 214/214 MP: 0/0
    39 | D        | Learned a level 9 spell: Polar Vortex
    39 | D        | Noticed a large bag of meat
    42 | D        | Noticed a destroyer
    43 | D        | Killed a large bag of meat
    44 | D        | Noticed an accursed
    44 | D        | Noticed a destroyer
    45 | D        | Killed a destroyer
    46 | D        | Reached XP level 26. HP: 221/221 MP: 0/0
    46 | D        | Noticed a tyrant
    46 | D        | Killed an accursed
    46 | D        | Killed a tyrant
    46 | D        | Killed The Servant
    47 | D        | Reached XP level 27. HP: 116/228 MP: 0/0
    47 | D        | Learned a level 9 spell: Chain Lightning
    49 | D        | Noticed an accursed
    49 | D        | Noticed an accursed
    51 | D        | Noticed a destroyer
    51 | D        | Killed a destroyer
    52 | D        | Noticed an accursed
    54 | D        | Killed a destroyer
    54 | D        | Noticed a tyrant
    55 | D        | Noticed a tyrant
    57 | D        | Noticed an accursed
    58 | D        | Noticed a tyrant
    59 | D        | Noticed a destroyer
    60 | D        | Noticed a tyrant
    61 | D        | Reached skill level 27 in Shields
    61 | D        | Reached skill level 27 in Unarmed Combat
    61 | D        | Reached skill level 27 in Evocations
    62 | D        | Killed a destroyer
    62 | D        | Noticed an accursed
    65 | D        | Reached skill level 27 in Short Blades
    65 | D        | Reached skill level 27 in Long Blades
    65 | D        | Reached skill level 27 in Staves
    65 | D        | Reached skill level 27 in Stealth
    65 | D        | Killed a tyrant
    65 | D        | Killed a tyrant
    66 | D        | Noticed a tyrant
    67 | D        | Reached skill level 27 in Maces & Flails
    67 | D        | Reached skill level 27 in Polearms
    67 | D        | Reached skill level 27 in Ranged Weapons
    67 | D        | Killed an accursed
    67 | D        | Killed an accursed
    69 | D        | Killed an accursed
    69 | D        | Noticed a meat beast
    71 | D        | Noticed a meat beast
    72 | D        | Noticed a meat beast
    73 | D        | Noticed a meat beast
    74 | D        | Noticed a meat beast
    75 | D        | Killed a meat beast
    75 | D        | Killed a tyrant
    75 | D        | Killed a meat beast
    77 | D        | Killed a tyrant
    77 | D        | Killed a meat beast
    78 | D        | Killed a meat beast
    78 | D        | Killed a meat beast
    79 | D        | Killed an accursed
    80 | D        | Killed a tyrant
    82 | D        | Killed an accursed
    84 | D        | Noticed a dread
    85 | D        | Noticed a meat beast
    85 | D        | Killed a meat beast
    85 | D        | Killed a dread
    85 | D        | Noticed a dread
    86 | D        | Noticed a destroyer
    87 | D        | Noticed a meat beast
    87 | D        | Noticed an accursed
    87 | D        | Noticed an accursed
    88 | D        | Noticed an accursed
    88 | D        | Killed a destroyer
    89 | D        | Killed an accursed
    89 | D        | Killed a dread
    91 | D        | Killed an accursed
    91 | D        | Killed an accursed
    92 | D        | Killed a meat beast
    93 | D        | Noticed an accursed
    94 | D        | Killed an accursed
    95 | D        | Noticed a meat beast
    96 | D        | Killed a meat beast
    97 | D        | Noticed a tyrant
    97 | D        | Killed a tyrant
   102 | D        | Noticed a tyrant
   103 | D        | Killed a tyrant
   106 | D        | Noticed an accursed
   106 | D        | Noticed a dread
   106 | D        | Noticed an accursed
   107 | D        | Killed an accursed
   107 | D        | Noticed a dread
   108 | D        | Killed a dread
   109 | D        | Killed an accursed
   109 | D        | Killed a dread
   113 | D        | Noticed a dread
   113 | D        | Noticed a dread
   114 | D        | Killed a dread
   114 | D        | Killed a dread
   114 | D        | Noticed a large bag of meat
   114 | D        | Noticed a tyrant
   115 | D        | Noticed a fleshlord
   115 | D        | Killed a large bag of meat
   115 | D        | Killed a tyrant
   115 | D        | Killed a fleshlord
   115 | D        | Noticed a tyrant
   116 | D        | Killed a tyrant
   117 | D        | Noticed a fleshlord
   117 | D        | Killed a fleshlord
   117 | D        | Noticed a fleshlord
   118 | D        | Killed a fleshlord
   118 | D        | Noticed an accursed
   119 | D        | Noticed a fleshlord
   119 | D        | Killed an accursed
   119 | D        | Killed a fleshlord
   119 | D        | Noticed a fleshlord
   119 | D        | Noticed a tyrant
   119 | D        | Noticed a dread
   120 | D        | Killed a tyrant
   120 | D        | Killed a fleshlord
   120 | D        | Killed a dread
   121 | D        | Noticed a fleshlord
   122 | D        | Killed a fleshlord
   123 | D        | Noticed a fleshlord
   123 | D        | Killed a fleshlord
   123 | D        | Noticed an accursed
   123 | D        | Noticed a meat beast
   124 | D        | Killed an accursed
   124 | D        | Killed a meat beast
   124 | D        | Noticed a meat beast
   124 | D        | Noticed a tyrant
   125 | D        | Killed a tyrant
   125 | D        | Killed a meat beast
   126 | D        | Noticed a fleshlord
   127 | D        | Killed a fleshlord
   127 | D        | Noticed a fleshlord
   128 | D        | Killed a fleshlord
   129 | D        | Noticed a fleshlord
   130 | D        | Killed a fleshlord
   132 | D        | Noticed an accursed
   133 | D        | Killed an accursed
   133 | D        | Noticed a fleshlord
   134 | D        | Killed a fleshlord
   134 | D        | Noticed a fleshlord
   135 | D        | Killed a fleshlord
   136 | D        | Noticed a tyrant
   137 | D        | Noticed a destroyer
   137 | D        | Killed a destroyer
   137 | D        | Noticed a destroyer
   138 | D        | Killed a destroyer
   139 | D        | Noticed a destroyer
   139 | D        | Killed a destroyer
   140 | D        | Killed a tyrant
   141 | D        | Noticed a destroyer
   142 | D        | Killed a destroyer
   142 | D        | Noticed a destroyer
   143 | D        | Killed a destroyer
   143 | D        | Noticed a destroyer
   143 | D        | Noticed a fleshlord
   144 | D        | Killed a fleshlord
   144 | D        | Killed a destroyer
   144 | D        | Noticed a tyrant
   145 | D        | Killed a tyrant
   145 | D        | Noticed a destroyer
   146 | D        | Killed a destroyer
   147 | D        | Noticed The Meatlord
   147 | D        | Noticed a destroyer
   148 | D        | Killed The Meatlord
   149 | D        | Killed a destroyer
   153 | D        | Got the Orb of Zot
   153 | D        | Noticed a tyrant
   153 | D        | Noticed a destroyer
   153 | D        | Noticed a large bag of meat
   154 | D        | Killed a destroyer
   154 | D        | Killed a tyrant
   154 | D        | Killed a large bag of meat
   154 | D        | Noticed a meat beast
   155 | D        | Killed a meat beast
   155 | D        | Noticed a fleshlord
   156 | D        | Killed a fleshlord
   156 | D        | Noticed a fleshlord
   157 | D        | Killed a fleshlord
   157 | D        | Noticed a destroyer
   158 | D        | Killed a destroyer
   159 | D        | Noticed a dread
   160 | D        | Killed a dread
   162 | D        | Noticed a dread
   162 | D        | Noticed a destroyer
   163 | D        | Killed a dread
   163 | D        | Killed a destroyer
   163 | D        | Noticed a destroyer
   164 | D        | Killed a destroyer
   170 | D        | Noticed a fleshlord
   172 | D        | Noticed a fleshlord
   172 | D        | Killed a fleshlord
   172 | D        | Killed a fleshlord
   172 | D        | Noticed a dread
   173 | D        | Killed a dread
   175 | D        | Noticed a meat beast
   176 | D        | Killed a meat beast
   176 | D        | Noticed a fleshlord
   176 | D        | Noticed a meat beast
   176 | D        | Noticed a dread
   177 | D        | Noticed a fleshlord
   177 | D        | Killed a fleshlord
   177 | D        | Noticed The Defiler
   178 | D        | Killed a dread
   179 | D        | Noticed a fleshlord
   179 | D        | Killed The Defiler
   179 | D        | Killed a fleshlord
   179 | D        | Noticed an accursed
   180 | D        | Killed a meat beast
   181 | D        | Killed an accursed
   181 | D        | Killed a fleshlord
   182 | D        | Noticed a meat beast
   182 | D        | Killed a meat beast
   182 | D        | Noticed a meat beast
   183 | D        | Noticed a destroyer
   184 | D        | Noticed a dread
   184 | D        | Killed a meat beast
   185 | D        | Killed a dread
   185 | D        | Killed a destroyer
   186 | D        | Noticed a dread
   187 | D        | Noticed a meat beast
   188 | D        | Noticed a fleshlord
   188 | D        | Noticed a fleshlord
   188 | D        | Noticed a meat beast
   189 | D        | Noticed a meat beast
   190 | D        | Escaped with the Orb!

Illustrated notes

Levels and vault maps discovered:
D:        meatsprint

Skill      XL: |  1  2  3  4  5  6  7  8  9 10 11 12 13 14 15 16 17 18 19 20 21 22 23 24 25 26 27 |
---------------+----------------------------------------------------------------------------------+-----
Fighting       | 12 13 16 17 18 20 26 27 | 27.0
Axes           | 10 11 13 15 18 20 23 25 27 | 27.0
Throwing       | 10 11 13 15 18 20 23 25 27 | 27.0
Armour         | 12 13 15 17 18 27 | 27.0
Dodging        | 13 15 17 19 21 27 | 27.0
Spellcasting   | 10 12 14 17 19 21 23 27 | 27.0
Invocations    | 18 27 | 27.0
Short Blades   | 10 13 16 20 22 27 | 27.0
Long Blades    | 10 13 16 20 22 27 | 27.0
Maces & Flails | 9 12 15 18 20 27 | 27.0
Polearms       | 9 12 15 18 20 27 | 27.0
Staves         | 10 13 16 20 22 27 | 27.0
Ranged Weapons | 9 12 15 18 20 27 | 27.0
Stealth        | 10 13 16 20 22 27 | 27.0
Shields        | 11 14 18 21 23 27 | 27.0
Unarmed Combat | 11 14 18 21 23 27 | 27.0
Evocations     | 11 14 18 21 23 27 | 27.0

Action                     |  1- 3 |  4- 6 |  7- 9 | 10-12 | 13-15 | 16-18 | 19-21 | 22-24 | 25-27 || total
---------------------------+-------+-------+-------+-------+-------+-------+-------+-------+-------++-------
  Melee: Executioner's axe |     1 |       |       |     1 |     9 |     7 |     7 |    13 |   259 ||   297
   Cast: Manifold Assault  |       |       |       |       |     2 |     2 |       |     1 |    87 ||    92
         Vhi's Electric Ch |       |       |       |       |       |       |       |     1 |     6 ||     7
 Armour: Leather armour    |       |       |       |       |       |       |       |       |     3 ||     3
  Dodge: Dodged            |       |       |       |       |       |       |       |       |     6 ||     6
